 Dungeon Crawl Stone Soup version 0.21-a0-442-g848f44b (webtiles) character file.

19 theanonym the Shield-Bearer (level 2, -2/24 HPs)
             Began as a Formicid Fighter on Nov 15, 2017.
             Slain by Terence
             ... wielding a +3 hand axe of distortion
              (3 damage)
             ... on level 1 of the Dungeon.
             The game lasted 00:01:14 (880 turns).

theanonym the Shield-Bearer (Formicid Fighter)       Turns: 880, Time: 00:01:15

Health: -2/24      AC:  8    Str: 25    XL:     2   Next: 95%
Magic:  2/2        EV:  8    Int:  7    God:
Gold:   58         SH:  9    Dex: 10    Spells: 1/1 levels left

rFire    . . .     SeeInvis +   a - +0 trident
rCold    . . .     Gourm    .   c - +0 shield
rNeg     . . .     Faith    .   b - +0 scale mail
rPois    .         Spirit   .   (helmet unavailable)
rElec    .         Reflect  .   (no cloak)
rCorr    .         Harm     .   i - +0 pair of gloves
MR       .....                  (no boots)
Stlth    ..........             (no amulet)
HPRegen  0.08/turn              (no ring)
MPRegen  0.08/turn              (no ring)

@: mighty
A: permanent stasis, dig shafts and tunnels, four strong arms, antennae 3
a: Dig, Shaft Self


Innate Abilities, Weirdness & Mutations

You cannot be hasted, slowed, berserked, paralysed or teleported.
You can dig through walls and to a lower floor.
Your four strong arms can wield two-handed weapons with a shield.
You have a pair of large antennae on your head. (SInv)


   Skills:
 - Level 3.2 Fighting
 + Level 3.2 Polearms
 - Level 3.2 Armour
 - Level 3.6 Shields


You had one spell level left.
You didn't know any spells.

Skill      XL: |  1  2 |
---------------+-------+-----
Polearms       | 3 |  3.2
Fighting       | |  3.2
Armour         | |  3.2
Shields        | |  3.6

Action                   || total
-------------------------++-------
Melee: Trident           ||    63
  Use: Potion            ||     1
Armor: Scale mail        ||    18
Dodge: Dodged            ||    15
Block: Shield            ||    22

Inventory:

Hand Weapons
 a - a +0 trident (weapon)
Missiles
 h - 26 stones
 k - 3 tomahawks (quivered)
Armour
 b - a +0 scale mail (worn)
 c - a +0 shield (worn)
 i - a +0 pair of gloves (worn)
   (You found it on level 1 of the Dungeon)
Scrolls
 e - 2 scrolls of recharging {unknown}
 l - a scroll of teleportation {unknown}
 n - a scroll of immolation {unknown}
Potions
 g - a potion of lignification {unknown}
 m - a potion of cancellation {unknown}
Comestibles
 f - a bread ration
 j - 3 fruits

Dungeon Overview and Level Annotations

Branches:
Dungeon (2/15)

Altars:

Annotations:
D:1 Terence


You were on level 1 of the Dungeon.
You were not hungry.

You visited 1 branch of the dungeon, and saw 2 of its levels.

You collected 58 gold pieces.


Message History

You hit the goblin but do no damage. You block the goblin's attack.
You closely miss the goblin. You block the goblin's attack.
You closely miss the goblin. The goblin hits you but does no damage.
You puncture the goblin!
You kill the goblin!
No target in view!
No target in view!
No target in view!
You see here a club.
m - a lumpy cyan potion
Found 6 poisoned needles.
A rat comes into view.
You see here 6 poisoned needles.
A rat is nearby!
A rat is nearby!
A rat is nearby!
Attack whom?
Aim: a rat You reach to attack!
Your shield and scale mail prevent you from hitting the rat.
Your shield prevents you from hitting the rat.
The rat bites you but does no damage.
You closely miss the rat. The rat bites you.
You take 1 damage, and have 23/24 hp.
You closely miss the rat. You block the rat's attack. The rat bites you.
You take 1 damage, and have 22/24 hp.
A rat is nearby!
You hit the rat.
You kill the rat!
A kobold comes into view. It is wielding a club.
The kobold shouts!
A kobold is nearby!
You barely miss the kobold. You block the kobold's attack.
A kobold is nearby!
You hit the kobold. The kobold hits you but does no damage.
You hit the kobold but do no damage. The kobold hits you with a club.
You take 1 damage, and have 22/24 hp.
A kobold is nearby!
You puncture the kobold!
You kill the kobold!
You see here a club.
All of the chunks of flesh in your inventory have rotted away.
h - a stone
Found a stone staircase leading down.
Health restored: 24 No target in view!
Key pressed, stopping explore.
No target in view!
No target in view!
Key pressed, stopping explore.
No target in view!
No target in view!
n - a scroll labeled UPEWKY PAUTY Key pressed, stopping explore.
No target in view!
You see here a club.
A rat comes into view.
Attack whom?
Aim: a rat You reach to attack!
You puncture the rat!
You kill the rat!
You see here a shield.
h - 26 stones (gained 25)
You see here a shield.
Key pressed, stopping explore.
No target in view!
Key pressed, stopping explore.
You now have 58 gold pieces (gained 18).
Done exploring.
Done exploring.
No target in view!
No target in view!
Done exploring.
No target in view!
Done exploring.
No target in view!
Done exploring.
No target in view!
Done exploring.
No target in view!
Done exploring.
Done exploring.
There is a stone staircase leading down here.
You climb downwards.
There is a stone staircase leading up here.
A worm and Terence come into view.
Terence is wielding a hand axe of distortion.
Found a cloak and 14 gold pieces.
Terence shouts, "Get ready for death!"
There is a stone staircase leading up here.
Terence hits you with a hand axe of distortion.
Space warps horribly around you!
Ouch! That really hurt!
* * * LOW HITPOINT WARNING * * *
You climb upwards.
There is a stone staircase leading down here.
You take 23 damage, and have 1/24 hp.
MASSIVE DAMAGE!!
You feel very mighty all of a sudden.
Terence hits you with a hand axe of distortion.
You die...

#...########...#.#.#.#....#.#
#.### ##..#.#.#.#......# #.#
#..#...#.#....### #.#
#..#####.#..### #.#
#...........# #.#
#.####.###.## #.###########.#
#.# #.#
#..........##@####.###.#
##########...@.........#
###############


You could see Terence.

Notes
Turn   | Place    | Note
-------+----------+-------------------------------------------
     0 | D:1      | theanonym the Formicid Fighter began the quest for the Orb.
     0 | D:1      | Reached XP level 1. HP: 18/18 MP: 1/1
   191 | D:1      | Reached XP level 2. HP: 24/24 MP: 2/2
   355 | D:1      | Reached skill level 3 in Polearms
   871 | D:2      | Noticed Terence
   878 | D:2      | HP: 1/24 [Terence/hand axe of distortion (19)]
   880 | D:1      | Slain by Terence

Vanquished Creatures
  A dart slug (D:1)
  A giant cockroach (D:1)
  3 goblins (D:1)
  3 hobgoblins (D:1)
  A bat (D:1)
  4 kobolds (D:1)
  5 rats (D:1)
18 creatures vanquished.
